 Dungeon Crawl Stone Soup version 0.32-a0-329-ge6c31236d6 (webtiles) character file.

Game seed: 12698665828321145187

380 juan097 the Cudgeller (level 6, -2/53 HPs)
             Began as a Mountain Dwarf Monk on Feb 16, 2024.
             Was a Priest of Lugonu.
             Slain by a sleepcap (18 damage)
             ... on level 5 of the Dungeon.
             The game lasted 00:06:53 (2654 turns).

juan097 the Cudgeller (Mountain Dwarf Monk)         Turns: 2654, Time: 00:06:53

Health: -2/53      AC:  6    Str: 15    XL:     6   Next: 46%
Magic:  7/7        EV:  2    Int: 11    God:    Lugonu [***...]
Gold:   246        SH:  0    Dex: 12    Spells: 3/5 levels left

rFire   . . .        a - +0 mace
rCold   . . .        d - orb {light}
rNeg    + . .        g - +0 ring mail
rPois   .            (no helmet)
rElec   .            (no cloak)
rCorr   .            h - +0 pair of gloves
SInv    +            (no boots)
Will    .....        e - amulet of faith
Stlth   +            n - ring of see invisible
HPRegen 0.28/turn    r - ring of positive energy
MPRegen 0.10/turn

%: faith
@: sleeping, glowing
A: runic magic, artefact enchanting
a: Renounce Religion, Depart the Abyss, Banish


You were on level 5 of the Dungeon.
You worshipped Lugonu.
Lugonu was most pleased with you.
You visited 2 branches of the dungeon, and saw 6 of its levels.

You collected 246 gold pieces.

Inventory:

Hand Weapons
 a - a +0 mace (weapon)
Missiles
 o - 5 poisoned darts (quivered)
 q - 2 boomerangs
Armour
 b - a +0 robe
 d - an orb of light (worn)
 g - a +0 ring mail (worn)
 h - a +0 pair of gloves (worn)
Jewellery
 e - an amulet of faith (around neck)
 n - a ring of see invisible (left hand)
 r - a ring of positive energy (right hand)
Scrolls
 i - 2 scrolls of identify
 k - a scroll of brand weapon
 m - a scroll of amnesia {unknown}
Potions
 c - a potion of ambrosia
 f - 2 potions of curing {unknown}
 l - a potion of enlightenment {unknown}
 p - a potion of attraction {unknown}


   Skills:
 + Level 4.6 Fighting
 * Level 6.3 Maces & Flails
 - Level 2.1 Dodging
 + Level 2.1 Stealth
 + Level 1.9 Hexes
 + Level 2.1 Invocations


You had 3 spell levels left.
You knew the following spells:

 Your Spells              Type           Power      Damage    Failure   Level
a - Jinxbite              Hex            8%         N/A       28%         2

Your spell library contained the following spells:

 Spells                   Type           Power      Damage    Failure   Level
 Apportation              Tloc           0%         N/A       38%         1
 Shock                    Conj/Air       0%         1d3       38%         1
 Sting                    Conj/Alch      0%         1d3       38%         1
 Mercury Vapours          Alch/Air       0%         N/A       54%         2
 Swiftness                Air            0%         N/A       77%         3
 Airstrike                Air            0%         2d(0-16)  99%         4
 Olgreb's Toxic Radiance  Alch           0%         N/A       99%         4
 Alistair's Intoxication  Alch           0%         N/A       100%        5
 Chain Lightning          Conj/Air       0%         N/A       100%        9
 Fire Storm               Conj/Fire      0%         5d1       100%        9
 Shatter                  Erth           0%         3d5*      100%        9


Dungeon Overview and Level Annotations

Branches:
Dungeon (5/15)             Temple (1/1) D:4

Altars:
Ashenzari
Cheibriados
Dithmenos
Hepliaklqana
Kikubaaqudgha
Okawaru
Qazlal
Ru
Trog
Uskayaw
Vehumet
Wu Jian
Xom
The Shining One
Lugonu

Annotations:
D:2 Jessica
D:4 Eustachio


Innate Abilities, Weirdness & Mutations

Your spellcasting is much less encumbered by armour.
You can use scrolls of enchantment on lesser artefacts.


Message History

The sleepcap is moderately damaged.
The sleepcap releases spores at you.
* * * LOW HITPOINT WARNING * * *
You are engulfed in a cloud of soporific spores!
You fall asleep.
The sleepcap releases spores at you.
You wake up.
* * * LOW HITPOINT WARNING * * *
You hit the sleepcap.
The sleepcap is heavily damaged.
The sleepcap closely misses you.
You hit the sleepcap.
The sleepcap is severely damaged.
The sleepcap seems less drained.
The sleepcap releases spores at you.
* * * LOW HITPOINT WARNING * * *
As you read the scroll of teleportation, it crumbles to dust.
You feel strangely unstable. The sleepcap closely misses you.
The jinxing sprites lose interest in you.
The sleepcap attacks as it pursues you! The sleepcap barely misses you.
Your surroundings suddenly seem different.
Found 5 poisoned darts, a viscous dark potion and 12 gold pieces.
You are no longer corroded.
You now have 246 gold pieces (gained 12).
You start resting.
Magic restored.
You start resting.
A sleepcap is nearby!
You feel your willpower return.
Found 11 gold pieces.
Found a fizzy yellow potion.
The jelly quivers.
A black bear comes into view.
The black bear growls angrily.
The sleepcap closely misses you. The black bear barely misses you.
The black bear claws you. x2
The sleepcap attacks as it pursues you! The sleepcap releases spores at you.
You are engulfed in a cloud of soporific spores!
You fall asleep.
The sleepcap barely misses you. The sleepcap releases spores at you!!
You die...

#.................#..........#
#.(...............#..........#
#.....########...............#
#....## #.f..#####........###
#....# #.#### ##........#..
#....######†## #..........##
#..###.....##..## #............
##....<..#..##..## #.J........#.
#######.##...#.@####............
.........hfJ.#............
######.#.............$....
#..##......>.........
##...............#..!
#....!B.......#.....
....................#.
...###............### ...
....?.......###


You could see a black bear, a sleepcap, a bombardier beetle and a jelly.

Vanquished Creatures
  A black bear (D:5)
  A bombardier beetle (D:2)
  A hound (D:5)
  A jelly (D:3)
  An iguana (D:5)
  An orc wizard (D:3)
  2 adders
  4 dart slugs
  A ribbon worm (D:3)
  4 orcs
  12 endoplasms
  5 goblins
  5 hobgoblins
  10 jackals
  4 quokkas
  4 ball pythons
  3 bats
  3 frilled lizards (D:1)
  3 kobolds
  A rat (D:3)
67 creatures vanquished.

Notes
Turn   | Place    | Note
-------+----------+-------------------------------------------
     0 | D:1      | juan097 the Mountain Dwarf Monk began the quest for the
                  | Orb.
     0 | D:1      | Reached XP level 1. HP: 19/19 MP: 1/1
    49 | D:1      | Reached skill level 4 in Maces & Flails
    49 | D:1      | Reached XP level 2. HP: 25/26 MP: 2/2
   387 | D:1      | Reached XP level 3. HP: 23/33 MP: 3/3
   458 | D:1      | Reached skill level 1 in Stealth
   722 | D:1      | Learned a level 2 spell: Jinxbite
   959 | D:2      | Noticed Jessica
   995 | D:2      | Reached skill level 5 in Maces & Flails
   995 | D:2      | Reached XP level 4. HP: 40/40 MP: 4/4
  1027 | D:2      | Found a faded altar of an unknown god.
  1038 | D:2      | Prayed at the altar of an unknown god.
  1038 | D:2      | Became a worshipper of Lugonu the Unformed
  1038 | D:2      | Reached * piety under Lugonu
  1038 | D:2      | Reached ** piety under Lugonu
  1419 | D:3      | Reached *** piety under Lugonu
  1451 | D:3      | Reached skill level 1 in Hexes
  1451 | D:3      | Reached XP level 5. HP: 46/46 MP: 5/5
  1509 | D:3      | Reached skill level 1 in Invocations
  2269 | D:4      | Found a staircase to the Ecumenical Temple.
  2283 | Temple   | Entered the Ecumenical Temple
  2353 | D:4      | Found a hide-covered altar of Uskayaw.
  2360 | D:4      | Noticed Eustachio
  2363 | D:4      | Noticed an orc warrior
  2415 | D:5      | Entered Level 5 of the Dungeon
  2424 | D:5      | Noticed a black bear
  2435 | D:5      | Killed a black bear
  2436 | D:5      | Reached skill level 6 in Maces & Flails
  2436 | D:5      | Reached XP level 6. HP: 44/53 MP: 3/7
  2654 | D:5      | Slain by a sleepcap

Illustrated notes

Levels and vault maps discovered:
D:1:      eino_arrival_tree_alley, layout_loops_ring, serial_park_tiny_2
D:2:      layout_rooms, hellmonk_ecumenical_altar_pennies_from_heaven,
          uniq_jessica
D:3:      layout_loops_ring, chequers_serial_rivers_micro_a
D:4:      kennysheep_goblin_castle, layout_basic, kennysheep_little_box,
          temple_fountains, uniq_eustachio, uniq_sigmund
D:5:      layout_rooms, mainiacjoe_overflow_small_starburst
Temple:   compressed_dpeg_triangle_lava_temple

Skill      XL: |  1  2  3  4  5  6 |
---------------+-------------------+-----
Maces & Flails | 4 5 6 |  6.3
Stealth        | 1 2 |  2.1
Fighting       | 4 |  4.6
Hexes          | 1 |  1.9
Invocations    | 1 2 |  2.1
Dodging        | |  2.1

Action                     |  1- 3 |  4- 6 || total
---------------------------+-------+-------++-------
  Melee: Mace              |    84 |   144 ||   228
   Cast: Jinxbite          |       |     2 ||     2
    Use: Scroll            |       |     3 ||     3
 Armour: Robe              |     6 |       ||     6
         Ring mail         |    34 |   101 ||   135
  Dodge: Dodged            |    34 |    88 ||   122

Table legend: (Time is in decaauts)
 A = Elapsed time spent in this place.
 B = Non-inter-level travel time spent in this place.
 C = Inter-level travel time spent in this place.
 D = Time resting spent in this place.
 E = Time spent auto-exploring this place.
 F = Levels seen in this place.
 G = Mean time per level.
                   A        B        C        D        E       F      G
               +--------+--------+--------+--------+--------+-----+--------+
         Total |   2687 |   2617 |     70 |     68 |   1859 |   6 |  447.8 |
       Dungeon |   2685 |   2615 |     70 |     68 |   1859 |   5 |  537.0 |
        Temple |      1 |      1 |      0 |      0 |      0 |   1 |    1.0 |
               +--------+--------+--------+--------+--------+-----+--------+

Top non-repeatable levels by time:
     D:1: 927 daAuts
     D:3: 842 daAuts
     D:2: 475 daAuts
     D:5: 241 daAuts
     D:4: 199 daAuts
  Temple: 1 daAuts
